 Dungeon Crawl Stone Soup version 0.30.1-9-gdf580d7c3d (webtiles) character file.

Game seed: 13730858174029226197

237 lonewolfV2 the Trooper (level 5, -1/44 HPs)
             Began as a Demonspawn Chaos Knight on Oct 24, 2023.
             Was a Plaything of Xom.
             Splashed by a jelly's acid (11 damage)
             ... on level 4 of the Dungeon.
             The game lasted 00:06:52 (3952 turns).

lonewolfV2 the Trooper (Demonspawn Chaos Knight)    Turns: 3952, Time: 00:06:52

Health: -1/44      AC:  0    Str: 14    XL:     5   Next: 77%
Magic:  5/5        EV:  4    Int: 16    God:    Xom [.*....]
Gold:   213        SH:  0    Dex: 12    Spells: 4/4 levels left

rFire   . . .        a - +0 hand axe (chaos)
rCold   . . .        (no shield)
rNeg    . . .        k - +1 plate armour
rPois   .            (helmet restricted)
rElec   .            (no cloak)
rCorr   .            (no gloves)
SInv    .            (no boots)
Will    .....        h - amulet of faith Stlth
                     (no ring)
HPRegen 0.27/turn    (no ring)
MPRegen 0.09/turn

%: faith
@: weak-willed, corroded
A: powered by pain 2, big brain 1, horns 1, screaming 1, evolution 1
a: Renounce Religion


You were on level 4 of the Dungeon.
You worshipped Xom.
You were a plaything of Xom.
You visited 1 branch of the dungeon, and saw 4 of its levels.

You collected 213 gold pieces.

Inventory:

Hand Weapons
 a - a +0 hand axe of chaos (weapon)
Armour
 b - a +2 leather armour
 k - a +1 plate armour (worn)
Jewellery
 e - an amulet of guardian spirit
 h - an amulet of faith (around neck)
 j - an amulet of regeneration
Scrolls
 f - 2 scrolls of poison
Potions
 d - a potion of mutation
 g - 2 potions of curing
 i - 2 potions of brilliance
 m - a potion of heal wounds
 n - a potion of lignification {unknown}
 o - a potion of cancellation {unknown}
 q - a potion of haste {unknown}
 r - a potion of attraction {unknown}
Miscellaneous
 c - a piece from Xom's chessboard (13/15) (quivered)


   Skills:
 * Level 5.1 Fighting
 + Level 4.0 Axes
 - Level 2.3 Armour
 - Level 1.5 Dodging


You had 4 spell levels left.
You didn't know any spells.
Your spell library contained the following spells:

 Spells                   Type           Power      Damage    Failure   Level
 Beastly Appendage        Tmut           0%         N/A       100%        1
 Sandblast                Erth           0%         2d4       100%        1
 Passwall                 Tmut/Erth      0%         N/A       100%        2
 Wereblood                Tmut           0%         N/A       100%        2
 Spider Form              Tmut/Pois      0%         N/A       100%        3
 Stone Arrow              Conj/Erth      0%         3d7       100%        3


Dungeon Overview and Level Annotations

Branches:
Dungeon (4/15)
 Temple: D:4-7

Altars:
Dithmenos
Uskayaw
Xom

Annotations:
D:3 cg1's ghost, weakling MiFi


Innate Abilities, Weirdness & Mutations

You sometimes gain power by taking damage.
You have an unusually large brain. (Int +2)
You have a pair of small horns on your head.
You occasionally shout uncontrollably at your foes.
You have hidden genetic potential.


Message History

As you read the scroll of identify, it crumbles to dust.
i - 2 potions of brilliance
As you read the scroll of identify, it crumbles to dust.
m - a potion of heal wounds You climb downwards.
There is a stone staircase leading up here.
You hit the jelly. You burn the jelly.
Your hands burn!
The jelly is moderately wounded.
The jelly hits you. The acid corrodes you!
You are splashed with acid!
You barely miss the jelly.
The jelly is moderately wounded.
The jelly hits you but does no damage.
You hit the jelly. You burn the jelly.
Your hands burn!
The jelly is severely wounded.
The jelly hits you but does no damage.
You hit the jelly but do no damage.
Your hands burn!
The jelly is severely wounded.
The jelly barely misses you.
You hit the jelly but do no damage.
Your hands burn!
The jelly is severely wounded.
The jelly hits you but does no damage.
You hit the jelly but do no damage.
Your hands burn!
The jelly is severely wounded.
The jelly barely misses you.
You hit the jelly but do no damage.
Your hands burn!
The jelly is severely wounded.
The jelly hits you but does no damage.
You hit the jelly. The acid corrodes you!
Your hands burn!
* * * LOW HITPOINT WARNING * * *
The jelly is almost dead.
The jelly hits you but does no damage.
You hit the jelly but do no damage.
The jelly suddenly seems more agile.
The acid corrodes you!
Your hands burn!
* * * LOW HITPOINT WARNING * * *
The jelly is almost dead.
The jelly hits you.
* * * LOW HITPOINT WARNING * * *
You are splashed with acid!
You die...
Xom thinks this is hilarious!

##.
.....######.###
......J@.......
##..........###
############


You could see a jelly (agile).

Vanquished Creatures
  Jessica (D:2)
  Terence (D:2)
  Robin (D:2)
  3 gnolls (D:3)
  4 adders
  A worm (D:2)
  2 dart slugs
  9 orcs (D:3)
  3 ball pythons (D:1)
  5 bats
  4 endoplasms (D:1)
  5 giant cockroaches
  9 goblins
  11 hobgoblins
  7 jackals (D:2)
  4 quokkas
  4 frilled lizards
  9 kobolds
  7 rats
90 creatures vanquished.

Vanquished Creatures (others)
  A gnoll (D:3)
1 creature vanquished.

Grand Total: 91 creatures vanquished

Notes
Turn   | Place    | Note
-------+----------+-------------------------------------------
     0 | D:1      | lonewolfV2 the Demonspawn Chaos Knight began the quest for
                  | the Orb.
     0 | D:1      | Reached XP level 1. HP: 18/18 MP: 1/1
    30 | D:1      | Reached skill level 1 in Dodging
   100 | D:1      | Gained mutation: You sometimes gain a little power by
                  | taking damage. [demonic ancestry]
   100 | D:1      | Reached XP level 2. HP: 8/24 MP: 0/2
   303 | D:1      | XOM: smoke on damage
   333 | D:1      | XOM: give mutation
   333 | D:1      | Gained mutation: You have a pair of small horns on your
                  | head. [Xom's grace]
   427 | D:1      | XOM: fog
   531 | D:1      | XOM: fake destruction
   759 | D:1      | Gained mutation: You sometimes gain power by taking damage.
                  | [demonic ancestry]
   759 | D:1      | Reached XP level 3. HP: 29/29 MP: 3/3
   973 | D:1      | XOM: god gift: plate armour {god gift}
   985 | D:1      | XOM: god gift: staff of fire
  1257 | D:1      | XOM: god gift: book of Geomancy
  1347 | D:2      | XOM: scenery: 2 doors open
  1600 | D:2      | Found a faded altar of an unknown god.
  1622 | D:2      | Reached XP level 4. HP: 37/37 MP: 4/4
  1777 | D:2      | Noticed Jessica
  1785 | D:2      | Killed Jessica
  1786 | D:2      | Reached skill level 4 in Fighting
  1999 | D:2      | Noticed Robin
  2000 | D:2      | XOM: cleaving
  2010 | D:2      | Killed Robin
  2075 | D:2      | XOM: torment (19/38 hp)
  2284 | D:2      | Noticed Terence
  2297 | D:2      | XOM: fog
  2298 | D:2      | Killed Terence
  2299 | D:2      | Gained mutation: You have an unusually large brain. (Int
                  | +2) [demonic ancestry]
  2299 | D:2      | Reached XP level 5. HP: 21/43 MP: 5/5
  2648 | D:2      | XOM: scenery: 2 doors close
  2721 | D:3      | Found a shadowy altar of Dithmenos.
  2760 | D:3      | XOM: destruction
  2771 | D:3      | XOM: divination: detect items
  2778 | D:3      | Reached skill level 5 in Fighting
  2895 | D:3      | XOM: scenery: create altars
  2919 | D:3      | XOM: 1-stop teleportation journey
  2931 | D:3      | XOM: divination: detect items
  3007 | D:3      | Found a large runed translucent door.
  3007 | D:3      | Found a large runed translucent door.
  3009 | D:3      | Noticed cg1's ghost (weakling MiFi)
  3009 | D:3      | XOM: 1-stop teleportation journey
  3198 | D:3      | Found a hide-covered altar of Uskayaw.
  3544 | D:3      | XOM: cast spell 'Summon Ice Beast'
  3553 | D:3      | XOM: cast spell 'Chain of Chaos'
  3599 | D:3      | XOM: give mutations
  3599 | D:3      | Gained mutation: Your spells are a little easier to cast,
                  | but a little less powerful. [Xom's mischief]
  3599 | D:3      | Gained mutation: You occasionally shout uncontrollably at
                  | your foes. [Xom's mischief]
  3599 | D:3      | Lost mutation: Your spells are a little easier to cast, but
                  | a little less powerful. [Xom's mischief]
  3599 | D:3      | Gained mutation: You have hidden genetic potential. [Xom's
                  | mischief]
  3952 | D:4      | Splashed by a jelly's acid

Illustrated notes

Levels and vault maps discovered:
D:1:      dpeg_arrival_subterranean_lakeside_camping, layout_basic,
          serial_bayou_pond_c, minmay_octomino_e4
D:2:      layout_basic, ebering_ecumenical_altar_mist, uniq_robin, uniq_terence,
          uniq_jessica
D:3:      layout_loops_ring, chequers_temple_overflow_statue_of_worship,
          ebering_ghost_disaster_area
D:4:      layout_loops_ring, overflow_temple_1_default,
          lemuel_temple_firewalk_b, dreamdust_gnoll_farm

Skill      XL: |  1  2  3  4  5 |
---------------+----------------+-----
Dodging        | 1 |  1.5
Armour         | 2 |  2.3
Axes           | 3 4 |  4.0
Fighting       | 4 5 |  5.1

Action                     |  1- 3 |  4- 6 || total
---------------------------+-------+-------++-------
  Melee: Hand axe          |    93 |   172 ||   265
         Headbutt          |    10 |    21 ||    31
         Punch             |     1 |     1 ||     2
  Evoke: Piece from Xom's  |       |     2 ||     2
    Use: Scroll            |     2 |     8 ||    10
 Armour: Leather armour    |    29 |       ||    29
         Plate armour      |    22 |   143 ||   165
  Dodge: Dodged            |    47 |    23 ||    70
